 Dungeon Crawl Stone Soup version 0.29.1-12-g30fa7ad0bf (webtiles) character file.

Game seed: 479452548630972445

107 xian the Stinger (level 4, 0/22 HPs)
             Began as a Vine Stalker Venom Mage on Jan 6, 2023.
             Succumbed to a water moccasin's poison
             ... on level 5 of the Dungeon.
             The game lasted 00:06:06 (2882 turns).

xian the Stinger (Vine Stalker Venom Mage)          Turns: 2882, Time: 00:06:07

Health: 0/22       AC:  2    Str: 10    XL:     4   Next: 85%
Magic:  13/18      EV: 12    Int: 17    God:
Gold:   165        SH:  0    Dex: 15    Spells: 3/9 levels left

rFire   . . .      SeeInvis +   k - +1 short sword (freeze)
rCold   . . .      Faith    .   (no shield)
rNeg    . . .      Spirit   +   a - +0 robe
rPois   .          Reflect  .   (no helmet)
rElec   .          Harm     .   c - scarf {repulsion}
rCorr   .          Rampage  .   (no gloves)
Will    .....                   (no boots)
Stlth   ++........              (no amulet)
HPRegen 0.87/turn               g - ring of see invisible
MPRegen 0.16/turn               q - ring of magical power

@: lethally poisoned (0 -> -10), repel missiles
A: fangs 2, regeneration 1, magic shield, antimagic bite, no potion heal 2
a: no special abilities


You were on level 5 of the Dungeon.
You visited 1 branch of the dungeon, and saw 5 of its levels.

You collected 165 gold pieces.

Inventory:

Hand Weapons
 k - a +1 short sword of freezing (weapon)
 r - a +3 dagger
Armour
 a - a +0 robe (worn)
 c - a scarf of repulsion (worn)
 p - an orb of mayhem
Jewellery
 g - a ring of see invisible (left hand)
 q - a ring of magical power (right hand)
Scrolls
 d - a scroll of summoning {unknown}
 f - 2 scrolls of blinking {unknown}
 h - a scroll of immolation {unknown}
 j - a scroll of identify {unknown}
 o - a scroll of vulnerability {unknown}
Potions
 b - a potion of magic
 e - a potion of attraction {unknown}
 i - a potion of cancellation {unknown}
 l - a potion of might {unknown}
 m - a potion of heal wounds {unknown}
 n - 2 potions of mutation {unknown}


   Skills:
 + Level 1.0 Fighting
 + Level 1.0 Short Blades
 + Level 1.8 Dodging
 + Level 2.5 Stealth
 + Level 0.2 Unarmed Combat
 + Level 3.0 Spellcasting
 + Level 1.8 Transmutations
 + Level 3.8 Poison Magic


You had 3 spell levels left.
You knew the following spells:

 Your Spells              Type           Power      Damage    Failure   Level
a - Sting                 Tmut/Pois      48%        1d5       5%          1
b - Poisonous Vapours     Pois/Air       18%        N/A       12%         2
c - Mephitic Cloud        Conj/Pois/Air  6%         N/A       30%         3

Your spell library contained the following spells:

 Spells                   Type           Power      Damage    Failure   Level
 Olgreb's Toxic Radiance  Pois           15%        N/A       34%         4


Dungeon Overview and Level Annotations

Branches:
Dungeon (6/15)
 Temple: D:4-7

Altars:
Hepliaklqana
Ru


Innate Abilities, Weirdness & Mutations

You have extremely sharp teeth.
Your natural rate of healing is unusually fast.
When hurt, damage is shared between your health and your magic reserves.
Your bite disrupts and absorbs the magic of your enemies.
Potions cannot restore your health.


Message History

Casting: Sting (safe; 5% risk of failure)
Confirm with . or Enter, or press ? or * to list all spells.
Okay, then.
There is a stone staircase leading up here.
The water moccasin closely misses you.
You climb upwards.
There is a stone staircase leading down here.
The orc shouts!
The water moccasin closely misses you.
You climb downwards.
There is a stone staircase leading up here.
Casting: Sting (safe; 5% risk of failure)
Confirm with . or Enter, or press ? or * to list all spells.
You can't see any susceptible monsters within range! (Use Z to cast anyway.)
Casting: Sting (safe; 5% risk of failure)
Confirm with . or Enter, or press ? or * to list all spells.
Okay, then.
You hit the water moccasin.
The water moccasin seems to slow down.
You freeze the water moccasin. You bite the water moccasin.
You drain its power.
The water moccasin is moderately wounded.
The water moccasin bites you.
You are poisoned.
The water moccasin poisons you!
You closely miss the water moccasin. Your bite misses the water moccasin.
The water moccasin is moderately wounded.
You feel very sick. The water moccasin bites you.
You are lethally poisoned!
The water moccasin poisons you!
You miss the water moccasin.
The water moccasin is moderately wounded.
You feel extremely sick.
The water moccasin bites you but does no damage.
Unknown command.
* * * LOW HITPOINT WARNING * * *
You feel very sick. The water moccasin misses you.
You climb upwards.
You die...

...... .....
#...#
###+##...#####
##.............
#..............
.......o.......
......S@......o
..##...##.###+#
#### #


You could see a water moccasin (slow) and 2 orcs.

Vanquished Creatures
  3 adders
  An ufetubus (D:6)
  3 worms (D:2)
  A dart slug (D:3)
  5 ball pythons
  6 endoplasms
  2 giant cockroaches
  6 goblins
  5 hobgoblins
  2 jackals (D:2)
  5 kobolds
  4 quokkas
  7 bats
  5 frilled lizards
  7 rats
62 creatures vanquished.

Notes
Turn   | Place    | Note
-------+----------+-------------------------------------------
     0 | D:1      | xian the Vine Stalker Venom Mage began the quest for the
                  | Orb.
     0 | D:1      | Reached XP level 1. HP: 9/9 MP: 4/4
   168 | D:1      | Reached XP level 2. HP: 13/13 MP: 0/6
   171 | D:1      | Learned a level 2 spell: Poisonous Vapours
   875 | D:1      | Reached XP level 3. HP: 15/16 MP: 0/7
  1333 | D:2      | Reached skill level 1 in Fighting
  1520 | D:2      | Gained mutation: Your natural rate of healing is unusually
                  | fast. [Vine Stalker growth]
  1520 | D:2      | Reached XP level 4. HP: 3/22 MP: 6/9
  1574 | D:2      | Learned a level 3 spell: Mephitic Cloud
  1623 | D:2      | Reached skill level 1 in Short Blades
  2640 | D:3      | Found a sacrificial altar of Ru.
  2812 | D:3      | Found a hazy altar of Hepliaklqana.
  2839 | D:3      | You fall into a shaft and drop 3 floors!
  2868 | D:6      | Noticed a water moccasin
  2875 | D:5      | Entered Level 5 of the Dungeon
  2882 | D:5      | Succumbed to a water moccasin's poison

Illustrated notes

Levels and vault maps discovered:
D:1:      wheals_arrival_shading, layout_basic
D:2:      layout_basic, hangedman_decor_peaks_small, moated_statue,
          serial_park_tiny_pond
D:3:      layout_loops_ring, mainiacjoe_overflow_paths,
          lemuel_coloured_pillars_altar, dilly_ecumenical_altar_fadedgnrine
D:5:      layout_gridville, grunt_gozag_statues,
          mainiacjoe_overflow_tiny_flanked, nicolae_figureground_sparkle,
          uniq_crazy_yiuf_cottage
D:6:      layout_basic, mainiacjoe_overflow_large_starburst,
          minmay_temple_entry_drinking_statues

Skill      XL: |  1  2  3  4 |
---------------+-------------+-----
Fighting       | 1 |  1.0
Short Blades   | 1 |  1.0
Spellcasting   | 3 |  3.0
Dodging        | |  1.8
Stealth        | |  2.5
Unarmed Combat | |  0.2
Transmutations | |  1.8
Poison Magic   | |  3.8

Action                   |  1- 3 |  4- 6 || total
-------------------------+-------+-------++-------
Melee: Unarmed           |    16 |       ||    16
       Bite              |     6 |     3 ||     9
       Short sword       |    12 |    13 ||    25
       Club              |     1 |       ||     1
 Cast: Sting             |    65 |    53 ||   118
       Poisonous Vapours |     1 |     4 ||     5
       Mephitic Cloud    |       |     1 ||     1
 Stab: Sleeping          |     1 |       ||     1
Armor: Robe              |     9 |     6 ||    15
Dodge: Dodged            |    44 |    18 ||    62
       Repelled          |       |     2 ||     2
